 Dungeon Crawl Stone Soup version 0.30.1-11-g7821555f0a (webtiles) character file.

Game seed: 8936410749769211222

14 lonewolfV2 the Trooper (level 2, -2/28 HPs)
             Began as a Minotaur Fighter on Nov 10, 2023.
             Slain by a gnoll
             ... wielding a +0 club
              (6 damage)
             ... on level 1 of the Dungeon.
             The game lasted 00:00:23 (132 turns).

lonewolfV2 the Trooper (Minotaur Fighter)            Turns: 132, Time: 00:00:23

Health: -2/28      AC:  6    Str: 20    XL:     2   Next: 27%
Magic:  1/1        EV:  9    Int:  5    God:
Gold:   14         SH:  4    Dex:  9    Spells: 1/1 levels left

rFire   . . .        a - +0 war axe
rCold   . . .        c - +0 buckler
rNeg    . . .        b - +0 scale mail
rPois   .            (helmet restricted)
rElec   .            (no cloak)
rCorr   .            (no gloves)
SInv    .            (no boots)
Will    .....        (no amulet) Stlth
                     (no ring)
HPRegen 0.24/turn    (no ring)
MPRegen 0.07/turn

%: no passive effects
@: no status effects
A: horns 2, retaliatory headbutt
a: no special abilities


You were on level 1 of the Dungeon.
You visited 1 branch of the dungeon, and saw 2 of its levels.

You collected 14 gold pieces.

Inventory:

Hand Weapons
 a - a +0 war axe (weapon)
Armour
 b - a +0 scale mail (worn)
 c - a +0 buckler (worn)
Scrolls
 e - a scroll of teleportation {unknown}
Potions
 d - a potion of might


   Skills:
 * Level 4.5 Fighting
 - Level 2.4 Axes
 - Level 3.6 Armour
 - Level 3.6 Shields


You had one spell level left.
You didn't know any spells.
Your spell library was empty.

Dungeon Overview and Level Annotations

Branches:
Dungeon (2/15)

Altars:


Innate Abilities, Weirdness & Mutations

You have a pair of horns on your head.
You reflexively headbutt those who attack you in melee.


Message History

The endoplasm hits you but does no damage.
The ball python misses you. You block the ball python's attack.
The quokka bites you but does no damage.
The endoplasm hits you but does no damage.
An endoplasm comes into view.
You have reached level 2!
The ball python closely misses you. The ball python grabs you.
The ball python constricts you. The quokka barely misses you.
The ball python bites you but does no damage.
The ball python constricts you.
The endoplasm hits you but does no damage.
There is a stone staircase leading down here.
You slash the endoplasm!
You kill the endoplasm!
You hit the ball python.
You kill the ball python!
You barely miss the quokka. The quokka barely misses you.
You furiously retaliate!
You headbutt the quokka.
You kill the quokka!
A giant cockroach comes into view.
The goblin shouts!
The gnoll hits you with a +0 club.
The giant cockroach moves out of view.
You closely miss the gnoll. The gnoll closely misses you.
You barely miss the gnoll. Your headbutt misses the gnoll.
The gnoll hits you with a +0 club.
* * * LOW HITPOINT WARNING * * *
The gnoll hits you with a +0 club.
* * * LOW HITPOINT WARNING * * *
You slash the gnoll!
The gnoll is heavily wounded.
You hit the goblin.
You kill the goblin!
The gnoll closely misses you. You furiously retaliate!
You headbutt the gnoll. You closely miss the gnoll.
The gnoll is severely wounded.
You barely miss the giant cockroach. The gnoll hits you with a +0 club.
* * * LOW HITPOINT WARNING * * *
The giant cockroach bites you but does no damage.
The gnoll hits you with a +0 club.
You die...

## ##. . .. ...
#. ....##.######
.......B@g..####
#..###.>........
.......†.)..####
#..###..###.#
...### #..# ...
#....#. #..# ###
#...... #...
#..... > ##.#
...# #.. #.#


You could see a gnoll and a giant cockroach.

Vanquished Creatures
  4 endoplasms (D:1)
  2 goblins (D:1)
  A hobgoblin (D:1)
  A quokka (D:1)
  A ball python (D:1)
  2 bats (D:1)
  A rat (D:2)
12 creatures vanquished.

Notes
Turn   | Place    | Note
-------+----------+-------------------------------------------
     0 | D:1      | lonewolfV2 the Minotaur Fighter began the quest for the
                  | Orb.
     0 | D:1      | Reached XP level 1. HP: 19/19 MP: 0/0
    43 | D:1      | You fall into a shaft and drop 1 floor!
   122 | D:1      | Reached skill level 4 in Fighting
   125 | D:1      | Reached XP level 2. HP: 13/28 MP: 1/1
   132 | D:1      | Slain by a gnoll

Illustrated notes

Levels and vault maps discovered:
D:1:      lemuel_arrival_funnel, layout_loops_ring,
          shapermc_ecumenical_altar_venn, minmay_misc_feat_nine_boxes,
          roderic_cross_of_infinity
D:2:      layout_basic, uniq_terence, uniq_jessica, uniq_sigmund

Skill      XL: |  1 |
---------------+----+-----
Fighting       | 4 |  4.5
Axes           | |  2.4
Armour         | |  3.6
Shields        | |  3.6

Action                     || total
---------------------------++-------
  Melee: War axe           ||    14
         Headbutt          ||     1
 Armour: Scale mail        ||    17
  Dodge: Dodged            ||    17
  Block: Buckler           ||     7
